 Dungeon Crawl Stone Soup version 0.29.1-13-g9f3cf754e1 (webtiles) character file.

Game seed: 14530461313232770511

23 Exodus22XD the Shield-Bearer (level 2, 27/27 HPs)
             Began as a Minotaur Fighter on Feb 3, 2023.
             Was a Follower of Wu Jian.
             Quit the game on level 1 of the Dungeon.
             The game lasted 00:01:10 (1229 turns).

Exodus22XD the Shield-Bearer (Minotaur Fighter)     Turns: 1229, Time: 00:01:11

Health: 27/27      AC:  7    Str: 20    XL:     2   Next: 75%
Magic:  1/1        EV:  9    Int:  5    God:    Wu Jian [*.....]
Gold:   51         SH:  4    Dex:  9    Spells: 1/1 levels left

rFire   . . .      SeeInvis .   a - +0 war axe
rCold   . . .      Faith    .   c - +0 buckler
rNeg    . . .      Spirit   .   b - +0 scale mail
rPois   .          Reflect  .   (helmet restricted)
rElec   .          Harm     .   (no cloak)
rCorr   .          Rampage  .   (no gloves)
Will    .....                   (no boots)
Stlth   ..........              (no amulet)
HPRegen 0.09/turn               (no ring)
MPRegen 0.07/turn               (no ring)

@: no status effects
A: horns 2, retaliatory headbutt
a: Renounce Religion


You were on level 1 of the Dungeon.
You worshipped Wu Jian.
Wu Jian was aware of your devotion.
You visited 1 branch of the dungeon, and saw 1 of its levels.

You collected 51 gold pieces.

Inventory:

Hand Weapons
 a - a +0 war axe (weapon)
Armour
 b - a +0 scale mail (worn)
 c - a +0 buckler (worn)
Scrolls
 e - a scroll of enchant armour {unknown}
 h - a scroll of fear {unknown}
Potions
 d - a potion of might
 f - a potion of brilliance {unknown}
 g - 2 potions of attraction {unknown}


   Skills:
 + Level 4.0 Fighting
 + Level 2.6 Axes
 + Level 4.0 Armour
 + Level 4.1 Shields


You had one spell level left.
You didn't know any spells.
Your spell library was empty.

Dungeon Overview and Level Annotations

Branches:
Dungeon (1/15)

Altars:
Wu Jian


Innate Abilities, Weirdness & Mutations

You have a pair of horns on your head.
You reflexively headbutt those who attack you in melee.


Message History

You closely miss the kobold. Your headbutt misses the kobold.
The kobold is severely wounded.
The kobold barely misses you.
Unknown command.
You slash the kobold!
You kill the kobold!
The Council accepts your kill.
Found a stone staircase leading down.
Things that are here:
a +0 whip; a kobold corpse You see here a book of Debilitation.
A kobold comes into view. It is wielding a +0 dagger.
The kobold shouts!
A kobold is nearby!
Unknown command.
A kobold is nearby!
A kobold is nearby!
A kobold is nearby!
A kobold is nearby!
You lunge at the kobold, but your attack speed is too slow for a blow to land.
You block the kobold's attack.
A kobold is nearby!
You closely miss the kobold. The kobold hits you but does no damage.
A kobold is nearby!
You barely miss the kobold. The kobold hits you but does no damage.
The kobold hits you with a +0 dagger.
You closely miss the kobold. The kobold hits you but does no damage.
A kobold is nearby!
You slash the kobold!
You kill the kobold!
The Council accepts your kill.
Found a stone staircase leading down.
There is a stone staircase leading down here.
Things that are here:
a +0 whip; a kobold skeleton You enter the shallow water.
Moving in this stuff is going to be slow.
Key pressed, stopping explore.
No target in view!
Are you sure you want to abandon this character and quit the game? (Confirm with "yes".)

#.......# ##..>..##..##.#
#......########.###.###..#.#
#...........##..###.###..#.#
#.......##..............#...
#.......##.....#####.###....
#..........#....####.....#..
#.#...#..###..#.....#..###.. #
#.##)##..###..####.....###.. #≈
#.#..#.....@..# ##......... #≈#
#...##........# ##....#.##) #≈≈#
#..###......#.####.....#....
#≈≈≈##..##.......#.##...#........
#≈≈≈≈#...~.~....~~~~#.##......#..
#≈≈≈~~~~~~..~~~~~~~...#.....####.
#≈≈≈~≈.~~~~~~~~~≈≈~~.....#####8##
#~~≈≈~~~~~..≈~~~≈~≈≈~...## .(..
#~.~~~~~~≈.~~~~≈~~~≈~#.## #8##


There were no monsters in sight!

Vanquished Creatures
  3 ball pythons (D:1)
  3 bats (D:1)
  4 endoplasms (D:1)
  A giant cockroach (D:1)
  3 goblins (D:1)
  A hobgoblin (D:1)
  3 kobolds (D:1)
  2 frilled lizards (D:1)
  2 rats (D:1)
22 creatures vanquished.

Notes
Turn   | Place    | Note
-------+----------+-------------------------------------------
     0 | D:1      | Exodus22XD the Minotaur Fighter began the quest for the
                  | Orb.
     0 | D:1      | Reached XP level 1. HP: 19/19 MP: 0/0
   375 | D:1      | Reached XP level 2. HP: 23/27 MP: 1/1
   464 | D:1      | Found a faded altar of an unknown god.
   478 | D:1      | Prayed at the altar of an unknown god.
   478 | D:1      | Became a worshipper of the Wu Jian Council
   478 | D:1      | Reached * piety under Wu Jian
  1229 | D:1      | Quit the game

Illustrated notes

Levels and vault maps discovered:
D:1:      lemuel_arrival_cross, layout_rooms, ebering_ecumenical_altar_hall,
          hangedman_decor_peaks_small, chequers_serial_rivers_large_a,
          minmay_misc_feat_chi, patterned_corridor

Skill      XL: |  1  2 |
---------------+-------+-----
Armour         | 4 |  4.0
Shields        | 4 |  4.1
Fighting       | 4 |  4.0
Axes           | |  2.6

Action                   || total
-------------------------++-------
Melee: War axe           ||    67
       Headbutt          ||     4
Invok: Lunge             ||     1
       Whirlwind         ||     1
Armor: Scale mail        ||    47
Dodge: Dodged            ||    34
Block: Buckler           ||    22
